 Dungeon Crawl Stone Soup version 0.28.0-1-gb440e238dd (webtiles) character file.

Game seed: 6251940853105802445

1425 horus123 the Skirmisher (level 8, -8/52 HPs)
             Began as a Deep Elf Fighter on Feb 22, 2022.
             Mangled by an ogre (22 damage)
             ... on level 5 of the Dungeon.
             The game lasted 00:10:30 (5493 turns).

horus123 the Skirmisher (Deep Elf Fighter)          Turns: 5493, Time: 00:10:31

Health: -8/52      AC: 12    Str: 15    XL:     8   Next: 44%
Magic:  10/10      EV: 10    Int: 14    God:
Gold:   142        SH:  4    Dex: 14    Spells: 7/7 levels left

rFire   . . .      SeeInvis .   a - +0 long sword
rCold   . . .      Faith    .   c - +0 buckler
rNeg    . . .      Spirit   .   n - +0 chain mail
rPois   .          Reflect  .   (no helmet)
rElec   .          Harm     .   (no cloak)
rCorr   .          Rampage  +   f - +0 pair of gloves
Will    .....                   h - +1 pair of boots {rampage}
Stlth   ..........              (no amulet)
HPRegen 0.17/turn               l - ring of flight
MPRegen 0.12/turn               q - +4 ring of evasion

@: flying
A: no striking features
a: no special abilities


You were on level 5 of the Dungeon.
You visited 1 branch of the dungeon, and saw 5 of its levels.

You collected 142 gold pieces.

Inventory:

Hand Weapons
 a - a +0 long sword (weapon)
 s - a +3 dagger of flaming
Armour
 c - a +0 buckler (worn)
 f - a +0 pair of gloves (worn)
 h - a +1 pair of boots of rampaging (worn)
 n - a +0 chain mail (worn)
Jewellery
 l - a ring of flight (left hand)
 p - a ring of fire
 q - a +4 ring of evasion (right hand)
Wands
 k - a wand of iceblast (2)
Scrolls
 b - 3 scrolls of teleportation
 g - 2 scrolls of vulnerability
 j - 2 scrolls of blinking
Potions
 d - a potion of mutation {unknown}
 e - 3 potions of curing
 i - a potion of lignification {unknown}
 m - a potion of brilliance {unknown}
 o - a potion of magic {unknown}
 r - 2 potions of haste {unknown}


   Skills:
 - Level 6.3 Fighting
 - Level 6.1 Long Blades
 + Level 4.2 Armour
 - Level 2.4 Shields


You had 7 spell levels left.
You didn't know any spells.
Your spell library contained the following spells:

 Spells                   Type           Power      Damage    Failure   Level
 Freeze                   Ice            0%         1d3       100%        1
 Frozen Ramparts          Ice            0%         1d2       100%        3
 Hailstorm                Conj/Ice       0%         3d3       100%        4


Dungeon Overview and Level Annotations

Branches:
Dungeon (5/15)
 Temple: D:4-7

Altars:
Fedhas


Message History

The hound zombie is almost destroyed.
The hound zombie bites you but does no damage.
The hound zombie barely misses you.
You slash the hound zombie!
You destroy the hound zombie!
You now have 142 gold pieces (gained 11).
An ogre comes into view. It is wielding a +0 giant club.
You rampage towards the ogre!
You hit the ogre but do no damage. The ogre closely misses you.
You hit the ogre.
The ogre is lightly wounded.
The ogre barely misses you.
You barely miss the ogre.
The ogre is lightly wounded.
The ogre hits you with a +0 giant club!
You barely miss the ogre.
The ogre is lightly wounded.
You hit the ogre but do no damage.
The ogre is lightly wounded.
The ogre hits you with a +0 giant club!!
You hit the ogre.
The ogre is lightly wounded.
The ogre barely misses you.
You barely miss the ogre.
The ogre is lightly wounded.
The ogre barely misses you.
You barely miss the ogre.
The ogre is lightly wounded.
The ogre hits you with a +0 giant club.
You slash the ogre!
The ogre is heavily wounded.
The ogre barely misses you.
You hit the ogre.
The ogre is severely wounded.
The ogre hits you with a +0 giant club.
* * * LOW HITPOINT WARNING * * *
You slash the ogre!
The ogre is almost dead.
The ogre hits you with a +0 giant club!!
You die...

#################
......O@........#
##.#.##########.#
#.# #.# #.# #.#
#.# #.# #.#


You could see an ogre.

Vanquished Creatures
  Pikel (D:4)
  Grinder (D:4)
  Sigmund (D:3)
  A water moccasin (D:4)
  2 ogres (D:4)
  A necrophage (D:4)
  A hound (D:4)
  Natasha (thrice) (D:4)
  A hound zombie (D:5)
  Robin (D:1)
  4 adders
  A shadow imp (D:5)
  2 worms
  3 dart slugs
  4 orcs (D:4)
  5 bats
  3 endoplasms
  5 giant cockroaches
  7 goblins
  8 hobgoblins
  4 jackals (D:1)
  4 quokkas
  5 ball pythons
  2 frilled lizards
  2 kobolds
  4 rats
76 creatures vanquished.

Notes
Turn   | Place    | Note
-------+----------+-------------------------------------------
     0 | D:1      | horus123 the Deep Elf Fighter began the quest for the Orb.
     0 | D:1      | Reached XP level 1. HP: 13/13 MP: 3/3
   267 | D:1      | Reached XP level 2. HP: 15/18 MP: 4/4
  1052 | D:1      | Found a faded altar of an unknown god.
  1120 | D:2      | Reached XP level 3. HP: 23/23 MP: 5/5
  1366 | D:2      | Noticed Robin
  1859 | D:1      | Killed Robin
  2264 | D:2      | Found a blossoming altar of Fedhas.
  2448 | D:3      | Reached XP level 4. HP: 29/29 MP: 6/6
  3129 | D:3      | Noticed Sigmund
  3132 | D:3      | Killed Sigmund
  3133 | D:3      | Reached XP level 5. HP: 33/33 MP: 7/7
  3586 | D:4      | Noticed Grinder
  3593 | D:4      | Paralysed by Grinder for 6 turns
  3600 | D:4      | Noticed a necrophage
  3605 | D:4      | Killed Grinder
  3606 | D:4      | Reached skill level 5 in Long Blades
  3606 | D:4      | Reached XP level 6. HP: 25/38 MP: 8/8
  3609 | D:4      | Reached XP level 7. HP: 25/43 MP: 9/9
  3619 | D:4      | Noticed Pikel
  3626 | D:4      | Killed Pikel
  3627 | D:4      | Reached XP level 8. HP: 31/51 MP: 10/10
  3897 | D:4      | Noticed Natasha
  4145 | D:4      | Killed Natasha
  5074 | D:4      | Noticed Natasha
  5080 | D:4      | Killed Natasha
  5093 | D:4      | Noticed Natasha
  5115 | D:4      | Killed Natasha
  5324 | D:5      | Entered Level 5 of the Dungeon
  5493 | D:5      | Mangled by an ogre

Illustrated notes

Levels and vault maps discovered:
D:1:      psy_arrival_whirlpool, layout_basic, ebering_ecumenical_altar_mist,
          glass_columns_c, chequers_avenue
D:2:      layout_loops_ring, basic_altar, uniq_robin
D:3:      layout_basic, uniq_sigmund
D:4:      layout_cave_pods, uniq_natasha, uniq_grinder, uniq_pikel
D:5:      layout_loops_ring, minmay_temple_entry_trees

Skill      XL: |  1  2  3  4  5  6  7  8 |
---------------+-------------------------+-----
Fighting       | 3 4 6 |  6.3
Long Blades    | 4 5 6 |  6.1
Armour         | 4 |  4.2
Shields        | |  2.4

Action                   |  1- 3 |  4- 6 |  7- 9 || total
-------------------------+-------+-------+-------++-------
Melee: Long sword        |   127 |    38 |   121 ||   286
Evoke: Wand              |       |     3 |       ||     3
  Use: Scroll            |     3 |     4 |     1 ||     8
       Potion            |       |     2 |     1 ||     3
Armor: Scale mail        |    78 |       |       ||    78
       Chain mail        |     2 |    28 |    34 ||    64
Dodge: Dodged            |    49 |     9 |    50 ||   108
Block: Buckler           |    28 |     8 |    13 ||    49
